 Dungeon Crawl Stone Soup version 0.20-a0-901-g27f6fa8 (webtiles) character file.

19935 JeffiDaFish the Geomancer (level 12, 0/71 HPs)
             Began as a Gargoyle Earth Elementalist on Mar 19, 2017.
             Was a High Priest of Sif Muna.
             Slain by a ten-headed hydra (5 damage)
             ... on level 1 of the Lair of Beasts.
             The game lasted 00:43:13 (12635 turns).

JeffiDaFish the Geomancer (GrEE)                   Turns: 12635, Time: 00:43:14

Health: 0/71       AC: 27    Str: 12    XL:     12   Next: 74%
Magic:  23/25      EV: 11    Int: 17    God:    Sif Muna [*****.]
Gold:   838        SH:  0    Dex: 14    Spells: 15/29 levels left

rFire    . . .     SeeInvis .   m - +8 battleaxe of Ontuc {elec, rPois}
rCold    . . .     Gourm    .   h - +2 ring mail {MR+}
rNeg     + . .     Faith    .   (shield currently unavailable)
rPois    ∞         Spirit   .   (no helmet)
rElec    +         Reflect  .   r - +2 cloak
rCorr    +         Harm     .   p - +1 pair of gloves
MR       +....                  l - +0 pair of boots
Stlth    ++........             (no amulet)
Regen    0.3/turn               c - ring of resist corrosion
MPRegen  0.2/turn               g - +3 ring of protection

@: no status effects
A: negative energy resistance 1, electricity resistance, unbreathing,
petrification resistance, rot immunity, AC +8
a: Divine Energy, Channel Magic, Forget Spell, Renounce Religion


You were on level 1 of the Lair of Beasts.
You worshipped Sif Muna.
Sif Muna was extremely pleased with you.
You were not hungry.

You visited 3 branches of the dungeon, and saw 14 of its levels.
You also visited: Sewer.

You collected 838 gold pieces.

Inventory:

Hand Weapons
 m - the +8 battleaxe of Ontuc (weapon) {elec, rPois}
   (You found it on level 4 of the Dungeon)

   Occasionally, upon striking a foe, it will discharge some electrical energy
   and cause terrible harm.
   It protects you from poison.
Missiles
 b - 333 stones (quivered)
Armour
 h - a +2 ring mail of magic resistance (worn)
 l - a +0 pair of boots (worn)
 p - a +1 pair of gloves (worn)
 r - a +2 cloak (worn)
Jewellery
 c - a ring of resist corrosion (right hand)
 g - a +3 ring of protection (left hand)
 y - an uncursed ring of ice
Wands
 v - a wand of paralysis (9/24)
Scrolls
 a - 2 scrolls of identify
 i - 7 scrolls of remove curse
 o - a scroll of magic mapping
 t - 3 scrolls of blinking
 z - a scroll of recharging
Potions
 s - 6 potions of curing
 u - a potion of cancellation
 w - 2 potions of resistance
Books
 e - a book of Geomancy

   Spells                             Type                      Level
   a - Sandblast                      Earth                        1
   b - Passwall                       Transmutation/Earth          2
   c - Stone Arrow                    Conjuration/Earth            3
   d - Petrify                        Transmutation/Earth          4
   e - Lee's Rapid Deconstruction     Earth                        5
 n - a book of Minor Magic

   Spells                             Type                      Level
   a - Magic Dart                     Conjuration                  1
   b - Blink                          Translocation                2
   c - Call Imp                       Summoning                    2
   d - Slow                           Hexes                        2
   e - Conjure Flame                  Conjuration/Fire             3
   f - Mephitic Cloud                 Conjuration/Poison/Air       3
 x - a book of Unlife

   Spells                             Type                      Level
   a - Recall                         Summoning/Translocation      3
   b - Animate Dead                   Necromancy                   4
   c - Control Undead                 Necromancy                   4
   d - Cigotuvi's Embrace             Necromancy                   5
   e - Death Channel                  Necromancy                   6
   f - Simulacrum                     Ice/Necromancy               6
Comestibles
 d - 8 bread rations
 f - 9 meat rations
 j - 12 royal jellies


   Skills:
 + Level 6.7 Fighting
   Level 0.1 Short Blades
 + Level 6.0(6.1) Axes
   Level 1.0(3.8) Polearms
 + Level 7.1 Armour
 - Level 1.9 Dodging
 - Level 3.6 Stealth
 * Level 9.1 Spellcasting
 + Level 7.3 Conjurations
   Level 0.7 Transmutations
 + Level 4.6 Air Magic
 * Level 12.1 Earth Magic
 + Level 5.3 Poison Magic


You had 15 spell levels left.
You knew the following spells:

 Your Spells              Type           Power        Failure   Level  Hunger
a - Sandblast             Erth           #####.       1%          1    None
b - Stone Arrow           Conj/Erth      #####.       1%          3    None
c - Mephitic Cloud        Conj/Pois/Air  ####....     6%          3    None
d - Lee's Rapid Deconstr  Erth           #####.....   4%          5    #####..
e - Blink                 Tloc           N/A          30%         2    None


Dungeon Overview and Level Annotations

Branches:
Dungeon (11/15)            Temple (1/1) D:6            Lair (2/6) D:11
    Orc (0/2) D:10
  Swamp: Lair:2-4    Shoals: Lair:2-4     Snake: Lair:2-4    Spider: Lair:2-4

Altars:
Ashenzari
Cheibriados
Dithmenos
Elyvilon
Gozag
Hepliaklqana
Kikubaaqudgha
Nemelex Xobeh
Okawaru
Qazlal
Sif Muna
Trog
Uskayaw
Vehumet
Wu Jian
Yredelemnul
Zin

Annotations:
Lair:2 Sonja


Innate Abilities, Weirdness & Mutations

You are resistant to torment.
Your stone body is resilient. (AC +8)
You are immune to poison.
You resist negative energy. (rN+)
You are resistant to electric shocks. (rElec)
You can survive without breathing.
You are immune to petrification.
You are immune to rotting.


Message History

The ten-headed hydra bites you but does no damage. x3
The ten-headed hydra completely misses you.
The ten-headed hydra closely misses you.
The ten-headed hydra bites you but does no damage.
The ten-headed hydra bites you.
* * * LOW HITPOINT WARNING * * *
The ten-headed hydra bites you.
* * * LOW HITPOINT WARNING * * *
The ten-headed hydra bites you but does no damage.
The spiny frog stings you!
* * * LOW HITPOINT WARNING * * *
Casting: Mephitic Cloud
Confirm with . or Enter, or press ? or * to list all spells.
You blink.
The ten-headed hydra closely misses you. x2
The ten-headed hydra bites you but does no damage.
The ten-headed hydra closely misses you.
The ten-headed hydra bites you but does no damage. x2
The ten-headed hydra bites you.
You die...

####.#..### ##........#.. ######
##.......#.. ##### ###
##......##..
##########.#.####.####......).#..
..............................#..
...............)..........#...###
.........................###.....
.........................# ##....
................@......### ##...
...............D......## ##..
..###.##.#.....F....P## ##.
^..####......§.>..#### ##
...............#### #
...........##### #..#########
####


You could see a ten-headed hydra and a spiny frog.

Vanquished Creatures
  Harold (Lair:1)
  Fannar (Lair:1)
  5 two-headed ogres
  3 unseen horrors
  Maurice (D:9)
  A manticore (D:10)
  2 spiny frogs (Lair:1)
  The ghost of neptus the Cudgeler, a novice GrCK of Xom (D:6)
  2 polar bears (D:11)
  A merfolk (D:11)
  A queen bee (Lair:1)
  3 blink frogs (Lair:1)
  A spriggan (D:11)
  Sigmund (D:2)
  2 wyverns
  2 wraiths
  9 yaks
  A human (D:11)
  4 basilisks (D:11)
  2 hungry ghosts
  2 steam dragons (D:9)
  Menkaure (D:5)
  A water moccasin (Lair:1)
  6 porcupines
  7 sky beasts
  3 black bears
  5 ice beasts
  4 orc warriors
  3 necrophages
  8 ogres
  2 phantoms
  3 centaurs (D:10)
  A crocodile (D:11)
  6 bullfrogs
  A big kobold (D:7)
  An elf skeleton (D:8)
  A wyvern zombie (D:11)
  A gnoll sergeant (D:11)
  2 scorpions
  27 killer bees
  2 wights (D:8)
  4 howler monkeys
  2 crimson imps
  3 human zombies (D:8)
  A quasit (D:11)
  A bullfrog skeleton (D:11)
  7 orc priests
  2 centaur zombies (D:5)
  8 hounds
  A centaur skeleton (D:8)
  3 jellies
  A human skeleton (D:8)
  2 iguanas
  11 orc wizards
  11 worker ants
  2 ogre zombies (D:8)
  A mummy (D:8)
  2 worker ant zombies
  4 gnolls (D:11)
  12 adders
  5 shadow imps
  12 oozes
  3 worms
  A dart slug (D:2)
  15 leopard geckos
  50 orcs
  16 giant cockroaches
  3 goblins
  10 hobgoblins
  10 jackals
  9 kobolds
  5 quokkas
  11 ball pythons
  9 bats
  9 frilled lizards
  A leopard gecko zombie (D:8)
  A quokka skeleton (D:5)
  9 rats
388 creatures vanquished.

Vanquished Creatures (others)
  A centaur zombie (D:11)
  A big kobold (D:11)
  A killer bee (Lair:1)
  A shadow imp (D:6)
  2 orcs
  2 kobolds (D:11)
  A fungus (D:11)
  6 plants (D:11)
15 creatures vanquished.

Grand Total: 403 creatures vanquished

Notes
Turn   | Place    | Note
-------+----------+-------------------------------------------
     0 | D:1      | JeffiDaFish the Gargoyle Earth Elementalist began the quest for the Orb.
     0 | D:1      | Reached XP level 1. HP: 10/10 MP: 3/3
    63 | D:1      | Reached skill level 4 in Earth Magic
    87 | D:1      | Reached XP level 2. HP: 15/15 MP: 3/5
   807 | D:2      | Found a basalt altar of Yredelemnul.
   900 | D:2      | Found a radiant altar of Vehumet.
   937 | D:2      | Noticed Sigmund
   959 | D:2      | Reached XP level 3. HP: 19/19 MP: 4/6
  1177 | D:2      | Found an ornate altar of the Wu Jian Council.
  1245 | D:2      | Killed Sigmund
  1245 | D:2      | Reached skill level 5 in Earth Magic
  1245 | D:2      | Reached XP level 4. HP: 24/24 MP: 0/9
  1245 | D:2      | Reached XP level 5. HP: 28/28 MP: 0/10
  1706 | D:2      | Learned a level 3 spell: Stone Arrow
  1760 | D:2      | Found a snail-covered altar of Cheibriados.
  1770 | D:2      | Found an iron altar of Okawaru.
  1993 | D:3      | Reached XP level 6. HP: 32/32 MP: 9/11
  2546 | D:3      | Reached skill level 1 in Polearms
  2546 | D:3      | Reached skill level 1 in Conjurations
  2802 | D:4      | Got a transparent battleaxe
  2803 | D:4      | Identified the +8 battleaxe of Ontuc {elec, rPois} (You found it on level 4 of the Dungeon)
  2921 | D:4      | Reached skill level 1 in Armour
  2921 | D:4      | Reached XP level 7. HP: 37/37 MP: 8/13
  2928 | D:4      | Reached skill level 1 in Fighting
  2928 | D:4      | Reached skill level 6 in Earth Magic
  3146 | D:4      | Found a glowing drain.
  3163 | D:4      | Reached skill level 1 in Axes
  3183 | Sewer    | Entered a sewer
  3547 | D:4      | Found a shadowy altar of Dithmenos.
  3586 | D:5      | Entered Level 5 of the Dungeon
  3814 | D:5      | Found a white marble altar of Elyvilon.
  3818 | D:5      | Reached XP level 8. HP: 42/44 MP: 14/14
  3883 | D:5      | Reached skill level 7 in Earth Magic
  3952 | D:5      | Reached skill level 5 in Spellcasting
  4198 | D:5      | Learned a level 3 spell: Mephitic Cloud
  4207 | D:5      | Noticed Menkaure
  4210 | D:5      | Killed Menkaure
  4676 | D:6      | Reached skill level 8 in Earth Magic
  4676 | D:6      | Reached skill level 1 in Poison Magic
  4676 | D:6      | Reached XP level 9. HP: 49/49 MP: 6/17
  4812 | D:6      | Noticed neptus's ghost (novice GrCK)
  4905 | D:6      | Paralysed by neptus's ghost for 6 turns
  4912 | D:6      | Killed neptus's ghost
  4912 | D:6      | Reached skill level 1 in Air Magic
  5240 | D:6      | Found a shattered altar of Ashenzari.
  5466 | D:6      | Found a staircase to the Ecumenical Temple.
  5476 | Temple   | Entered the Ecumenical Temple
  5484 | Temple   | Became a worshipper of Sif Muna the Loreminder
  5563 | D:6      | Learned a level 5 spell: Lee's Rapid Deconstruction
  6073 | D:7      | Found a sparkling altar of Nemelex Xobeh.
  6466 | D:8      | Noticed a two-headed ogre
  6476 | D:8      | Killed a two-headed ogre
  6476 | D:8      | Reached * piety under Sif Muna
  6476 | D:8      | Reached skill level 9 in Earth Magic
  6476 | D:8      | Reached XP level 10. HP: 50/56 MP: 1/20
  6648 | D:8      | Noticed a two-headed ogre
  6654 | D:8      | Killed a two-headed ogre
  6760 | D:8      | Found a stormy altar of Qazlal.
  6957 | D:8      | Found an ancient bone altar of Kikubaaqudgha.
  7106 | D:8      | Reached skill level 5 in Conjurations
  7108 | D:8      | Reached ** piety under Sif Muna
  7421 | D:8      | Reached skill level 5 in Armour
  7457 | D:8      | Reached skill level 10 in Earth Magic
  7758 | D:9      | Noticed Maurice
  7769 | D:9      | Noticed a two-headed ogre
  7774 | D:9      | Killed a two-headed ogre
  7774 | D:9      | Reached XP level 11. HP: 49/62 MP: 3/22
  7787 | D:9      | Reached skill level 5 in Fighting
  7791 | D:9      | Found a hide-covered altar of Uskayaw.
  8067 | D:9      | Killed Maurice
  8175 | D:9      | Learned a level 2 spell: Blink
  8405 | D:9      | Reached skill level 5 in Axes
  8436 | D:9      | Found a hazy altar of Hepliaklqana.
  8562 | D:9      | Reached *** piety under Sif Muna
  8571 | D:10     | Entered Level 10 of the Dungeon
  8580 | D:10     | Killed an unseen horror
  8735 | D:10     | Found a staircase to the Orcish Mines.
  8865 | D:10     | Noticed a manticore
  8878 | D:10     | Killed a manticore
  9642 | D:11     | Noticed a two-headed ogre
  9686 | D:11     | Killed a two-headed ogre
  9840 | D:11     | Found a staircase to the Lair.
  9844 | D:11     | Found a bloodstained altar of Trog.
  9845 | D:11     | Noticed a two-headed ogre
  9857 | D:11     | Killed a two-headed ogre
  9857 | D:11     | Reached **** piety under Sif Muna
  9857 | D:11     | Reached skill level 11 in Earth Magic
 10019 | D:11     | Reached XP level 12. HP: 47/70 MP: 12/24
 11311 | Lair:1   | Entered Level 1 of the Lair of Beasts
 11554 | Lair:1   | Noticed Harold
 11578 | Lair:1   | Killed Harold
 11578 | Lair:1   | Reached skill level 5 in Poison Magic
 11797 | Lair:1   | Noticed Fannar
 11823 | Lair:1   | Killed Fannar
 11975 | Lair:1   | Reached ***** piety under Sif Muna
 12025 | Lair:1   | Reached skill level 12 in Earth Magic
 12623 | Lair:2   | Noticed an eight-headed hydra
 12627 | Lair:2   | Noticed Sonja
 12635 | Lair:1   | Slain by a ten-headed hydra

Vault maps used:
D:1:      dpeg_arrival_ternary
D:2:      yredelemnul_altar_generic, nicolae_overflow_crystal_walls,
          fiery_altar_vehumet, amethyst_overflow_temple_binary, uniq_sigmund
D:3:      first_bread
D:4:      kennysheep_mini, portal_sewer_entry_a, patterned_corridor
D:5:      elyvilon_altar_4, uniq_menkaure
D:6:      lemuel_temple_firewalk_b, evilmike_ruin_ashenzari
D:7:      nemelex_xobeh_ov_fountains_minmay
D:8:      lemuel_doored_altar, lemuel_mausoleum_altar_kikubaaqudgha,
          kennysheep_generic_room_7
D:9:      overflow_temple_1_default, lemuel_crystal_altar, uniq_maurice
D:10:     minmay_goldmine, orc_0_dummy
D:11:     minmay_lair_entry_grove, hangedman_stone_soup, trog_ov_bears_minmay
Temple:   eino_wide_crystal_templ
Lair:1:   special_room, uniq_harold, uniq_fannar
Lair:2:   infiniplex_staircase_pool, lemuel_fruit_tree, grunt_megastairs_2,
          uniq_sonja
Sewer:    sewer_frog_island_02

Skill      XL: |  1  2  3  4  5  6  7  8  9 10 11 12 |
---------------+-------------------------------------+-----
Earth Magic    | 4 5 6 8 9 10 11 12 | 12.1
Stealth        | 3 |  3.6
Spellcasting   | 3 4 5 6 7 8 9 |  9.1
Polearms       | 1 |  1.0
Conjurations   | 1 2 3 4 5 6 7 |  7.3
Armour         | 1 2 3 4 5 6 7 |  7.1
Fighting       | 1 2 4 6 |  6.7
Axes           | 2 3 4 5 6 |  6.0
Poison Magic   | 1 2 3 4 5 |  5.3
Air Magic      | 2 3 4 |  4.6
Short Blades   | |  0.1
Dodging        | |  1.9
Transmutations | |  0.7

Action                   |  1- 3 |  4- 6 |  7- 9 | 10-12 || total
-------------------------+-------+-------+-------+-------++-------
Melee: Spear             |    28 |   114 |       |       ||   142
       Short sword       |     7 |       |       |       ||     7
       Battleaxe         |       |     7 |   251 |   372 ||   630
 Cast: Sandblast         |    28 |    34 |    36 |    20 ||   118
       Stone Arrow       |       |     4 |    35 |    75 ||   114
       Lee's Rapid Decon |       |       |     2 |    11 ||    13
       Mephitic Cloud    |       |       |       |    36 ||    36
       Blink             |       |       |       |     1 ||     1
  Use: Scroll            |     4 |     4 |     2 |    12 ||    22
       Potion            |     1 |     3 |     3 |     5 ||    12
 Stab: Sleeping          |     3 |    10 |     2 |     4 ||    19
       Distracted        |       |     1 |     2 |     1 ||     4
       Confused          |       |       |       |     6 ||     6
  Eat: Chunk             |     1 |     6 |    15 |    23 ||    45
       Royal jelly       |       |       |       |     2 ||     2
       Fruit             |       |       |       |     2 ||     2
Armor: Robe              |    18 |     9 |       |       ||    27
       Leather armour    |       |    42 |   130 |       ||   172
       Ring mail         |       |       |    41 |   309 ||   350
       Scale mail        |       |       |     3 |       ||     3
Dodge: Dodged            |    28 |    68 |   200 |   319 ||   615
